 Dungeon Crawl Stone Soup version 0.20.1-1-g8b1a95d (webtiles) character file.

263 Monsterracer the Gusty (level 6, -5/32 HPs)
             Began as a Tengu Air Elementalist on Aug 13, 2017.
             Slain by an orc
             ... wielding a +2 whip of electrocution
              (13 damage)
             ... on level 2 of the Dungeon.
             The game lasted 00:08:20 (3154 turns).

Monsterracer the Gusty (Tengu Air Elementalist)     Turns: 3154, Time: 00:08:20

Health: -5/32      AC:  3    Str:  8    XL:     6   Next: 19%
Magic:  11/11      EV: 13    Int: 17    God:
Gold:   131        SH:  0    Dex: 15    Spells: 5/11 levels left

rFire    + . .     SeeInvis .   l - +2 dagger (holy)
rCold    . . .     Gourm    .   (no shield)
rNeg     . . .     Faith    .   m - +1 robe {rF+}
rPois    .         Spirit   .   (helmet restricted)
rElec    .         Reflect  .   (no cloak)
rCorr    .         Harm     .   (no gloves)
MR       .....                  (boots unavailable)
Stlth    ++........             (no amulet)
Regen    0.1/turn               (no ring)
MPRegen  0.2/turn               (no ring)

@: no status effects
A: beak, talons 3, able to fly 1
a: Fly


You were on level 2 of the Dungeon.
You were not hungry.

You visited 1 branch of the dungeon, and saw 3 of its levels.

You collected 131 gold pieces.

Inventory:

Hand Weapons
 l - a +2 dagger of holy wrath (weapon)
Armour
 m - a +1 robe of fire resistance (worn)
 n - a +0 buckler of protection
Scrolls
 e - a scroll of immolation {unknown}
 h - 3 scrolls of identify {unknown}
 i - a scroll of teleportation {unknown}
 j - a scroll of recharging {unknown}
 k - a scroll of random uselessness {unknown}
 o - a scroll of fog {unknown}
Potions
 a - a potion of lignification {unknown}
 d - 3 potions of curing {unknown}
 f - a potion of brilliance {unknown}
Books
 b - a book of Air

   Spells                             Type                      Level
   a - Shock                          Conjuration/Air              1
   b - Swiftness                      Charms/Air                   2
   c - Static Discharge               Conjuration/Air              3
   d - Airstrike                      Air                          4
   e - Lightning Bolt                 Conjuration/Air              5
Comestibles
 c - 2 bread rations
 g - a meat ration


   Skills:
 - Level 2.1 Dodging
 - Level 2.0 Stealth
 + Level 3.0 Spellcasting
 * Level 5.4 Conjurations
 * Level 6.1 Air Magic


You had 5 spell levels left.
You knew the following spells:

 Your Spells              Type           Power        Failure   Level  Hunger
a - Shock                 Conj/Air       ###.         1%          1    None
b - Static Discharge      Conj/Air       ###.....     4%          3    ###....
e - Swiftness             Chrm/Air       ##......     8%          2    ##.....


Dungeon Overview and Level Annotations

Branches:
Dungeon (3/15)

Altars:
Dithmenos
Fedhas
Hepliaklqana
Nemelex Xobeh
Yredelemnul


Innate Abilities, Weirdness & Mutations

You have a beak for a mouth.
You have claws for feet.
You can fly.


Message History

The bat closely misses you. The bat hits you but does no damage.
The orc hits you with a whip of electrocution!
You are electrocuted!
* * * LOW HITPOINT WARNING * * *
You climb upwards.
There is a stone staircase leading down here.
Huge Dmg: -65%(-21hp) hp: 32%(10hp)
Things that are here:
a leather armour; a club The orc hits you with a whip of electrocution.
* * * LOW HITPOINT WARNING * * *
Huge Dmg: -10%(-3hp) hp: 25%(8hp)
You see here a plate armour.
Things that are here:
a robe; a whip You see here a spear.
The orc hits you with a whip of electrocution.
* * * LOW HITPOINT WARNING * * *
You are electrocuted!
You die...

...........#
###.#.# #.# #
########.#.# #.#.#
#.# # # #.#.#
#.#.# #.## #
########.#.# #.#.#
#..####
.........#.#
#.#.#####......
####.....#.#
#..........†...
###..###...#
#####.).......##.#
..#.##.##..##
#.o.[........##.##
#...#...#...##
#@###[######.#.##
..####'####..###.#
#.# #..##
.##.#...#)##.....#
#.# #.##
.#..')..'..#.#####
#.# #.#
.##.#...#.##)# #.#
#.# ..####)####..#
#.# #.#
....#...#...## #.#
#.# ..#.##.##.###
#.# ####.#
###..#'#..#
##.###.##.#


You could see an orc.

Vanquished Creatures
  An orc priest (D:3)
  An orc wizard (D:3)
  Jessica (D:1)
  7 gnolls (D:2)
  3 adders (D:2)
  3 worms (D:2)
  2 dart slugs (D:1)
  A leopard gecko (D:2)
  3 orcs
  6 bats
  3 giant cockroaches
  8 goblins
  14 hobgoblins
  4 jackals
  6 frilled lizards
  3 kobolds
  4 rats
70 creatures vanquished.

Vanquished Creatures (others)
  A fungus (D:2)
1 creature vanquished.

Grand Total: 71 creatures vanquished

Notes
Turn   | Place    | Note
-------+----------+-------------------------------------------
     0 | D:1      | Monsterracer the Tengu Air Elementalist began the quest for the Orb.
     0 | D:1      | Reached XP level 1. HP: 10/10 MP: 4/4
   108 | D:1      | HP: 5/10 [dart slug/slug dart (5)]
   270 | D:1      | Reached XP level 2. HP: 15/15 MP: 0/6
   380 | D:1      | Learned a level 2 spell: Swiftness
   762 | D:1      | Reached XP level 3. HP: 19/19 MP: 2/7
   767 | D:1      | Learned a level 3 spell: Static Discharge
  1138 | D:2      | Found a blossoming altar of Fedhas.
  1499 | D:2      | Reached skill level 5 in Air Magic
  1499 | D:2      | Reached XP level 4. HP: 16/24 MP: 5/8
  1739 | D:2      | Noticed Jessica
  1749 | D:1      | Killed Jessica
  1749 | D:1      | Gained mutation: You can fly. [Tengu growth]
  1749 | D:1      | Reached XP level 5. HP: 19/28 MP: 2/10
  2493 | D:2      | Found a hazy altar of Hepliaklqana.
  2493 | D:2      | Found a blossoming altar of Fedhas.
  2516 | D:2      | Found a sparkling altar of Nemelex Xobeh.
  2519 | D:2      | Found a shadowy altar of Dithmenos.
  2520 | D:2      | Found a basalt altar of Yredelemnul.
  2873 | D:2      | Reached skill level 5 in Conjurations
  2887 | D:2      | HP: 14/28 [/static electricity (2)]
  3038 | D:3      | Reached skill level 6 in Air Magic
  3038 | D:3      | Reached XP level 6. HP: 32/32 MP: 6/11
  3129 | D:3      | HP: 9/32 [orc/whip of electrocution (14)]
  3144 | D:2      | HP: 8/32 [orc/whip of electrocution (3)]
  3154 | D:2      | HP: 8/32 [orc/whip of electrocution (1)]
  3154 | D:2      | Slain by an orc

Skill      XL: |  1  2  3  4  5 |
---------------+----------------+-----
Conjurations   | 2 3 4 5 |  5.4
Air Magic      | 5 6 |  6.1
Spellcasting   | 3 |  3.0
Dodging        | |  2.1
Stealth        | |  2.0

Action                   |  1- 3 |  4- 6 || total
-------------------------+-------+-------++-------
Melee: Unarmed           |     1 |       ||     1
       Short sword       |    18 |       ||    18
       Kick              |     6 |       ||     6
       Peck              |     1 |     1 ||     2
       Dagger            |       |     9 ||     9
 Cast: Shock             |    47 |    72 ||   119
       Static Discharge  |       |     3 ||     3
 Stab: Sleeping          |     1 |       ||     1
  Eat: Chunk             |     2 |     6 ||     8
Armor: Robe              |     6 |     6 ||    12
Dodge: Dodged            |    18 |    30 ||    48
